 Dungeon Crawl Stone Soup version 0.20.0-10-g0535bb4 (webtiles) character file.

16 Kosschaser the Ducker (level 2, -2/28 HPs)
             Began as a Troll Warper on June 6, 2017.
             Slain by a goblin
             ... wielding a +0 club
              (4 damage)
             ... on level 1 of the Dungeon.
             The game lasted 00:00:51 (305 turns).

Kosschaser the Ducker (Troll Warper)                 Turns: 305, Time: 00:00:52

Health: -2/28      AC:  5    Str: 18    XL:     2   Next: 37%
Magic:  3/3        EV: 10    Int:  9    God:
Gold:   33         SH:  0    Dex:  9    Spells: 4/4 levels left

rFire    . . .     SeeInvis .     - Unarmed
rCold    . . .     Gourm    +   (no shield)
rNeg     . . .     Faith    .   a - +0 robe
rPois    .         Spirit   .   (helmet restricted)
rElec    .         Reflect  .   (no cloak)
rCorr    .         Harm     .   (gloves unavailable)
MR       .....                  (boots unavailable)
Stlth    +.........             (no amulet)
Regen    0.5/turn               (no ring)
MPRegen  0.1/turn               (no ring)

@: no status effects
A: unfitting armour, claws 3, fast metabolism 3, gourmand, regeneration 1,
shaggy fur 1, tough skin 2
a: no special abilities


You were on level 1 of the Dungeon.
You were not hungry.

You visited 1 branch of the dungeon, and saw 1 of its levels.

You collected 33 gold pieces.

Inventory:

Missiles
 d - 3 tomahawks of dispersal (quivered)
Armour
 a - a +0 robe (worn)
Scrolls
 c - a scroll of blinking
Potions
 e - a potion of invisibility {unknown}
 g - a potion of curing {unknown}
Books
 b - a book of Spatial Translocations

   Spells                             Type                      Level
   a - Blink                          Translocation                2
   b - Shroud of Golubria             Charms/Translocation         2
   c - Lesser Beckoning               Translocation                3
   d - Gell's Gravitas                Translocation                3
   e - Teleport Other                 Translocation                3
   f - Passage of Golubria            Translocation                4
Comestibles
 f - 2 bread rations
 h - a meat ration


   Skills:
 + Level 1.7 Fighting
 - Level 1.0 Throwing
 + Level 2.2 Dodging
 + Level 2.0 Unarmed Combat
 + Level 1.5 Spellcasting
   Level 2.1 Translocations


You had 4 spell levels left.
You didn't know any spells.

Dungeon Overview and Level Annotations

Branches:
Dungeon (1/15)

Altars:


Innate Abilities, Weirdness & Mutations

You are too large for most types of armour.
You have claws for hands.
Your metabolism is lightning-fast.
You like to eat raw meat.
Your natural rate of healing is unusually fast.
You are covered in fur. (AC +1)
You have very tough skin. (AC +2)


Message History

The goblin closely misses you. The hobgoblin hits you.
* * * LOW HITPOINT WARNING * * *
The hobgoblin hits you.
* * * LOW HITPOINT WARNING * * *
The frilled lizard bites you but does no damage.
The goblin hits you with a club.
* * * LOW HITPOINT WARNING * * *
The hobgoblin hits you but does no damage.
The hobgoblin barely misses you. The frilled lizard closely misses you.
The goblin closely misses you.
The hobgoblin hits you but does no damage.
The hobgoblin barely misses you.
The frilled lizard bites you but does no damage.
The goblin barely misses you. The hobgoblin hits you.
* * * LOW HITPOINT WARNING * * *
The hobgoblin hits you but does no damage.
The frilled lizard misses you.
The hobgoblin closely misses you. x2; The goblin hits you with a club.
You die...

# ########### # .
#.........# # ..
#.........######## ...
#.........##...... ....
#.........##.#.... .....
#.........+.......
......#g........#....###
.....Kg@.............>..
......gl...........#...#
####...............#...#
......###+####..##...#
......#.. ..........#
......+.? ...).....##
......#.# #...........
.....?... ....#..#.#.##
....#........


You could see 2 hobgoblins, a goblin, a kobold and a frilled lizard.

Vanquished Creatures
  A dart slug (D:1)
  2 leopard geckos (D:1)
  3 goblins (D:1)
  A hobgoblin (D:1)
  2 kobolds (D:1)
  2 rats (D:1)
11 creatures vanquished.

Notes
Turn   | Place    | Note
-------+----------+-------------------------------------------
     0 | D:1      | Kosschaser the Troll Warper began the quest for the Orb.
     0 | D:1      | Reached XP level 1. HP: 19/19 MP: 1/1
   135 | D:1      | Reached skill level 1 in Throwing
   136 | D:1      | Reached XP level 2. HP: 23/28 MP: 3/3
   305 | D:1      | Slain by a goblin

Skill      XL: |  1 |
---------------+----+-----
Dodging        | 2 |  2.2
Throwing       | 1 |  1.0
Fighting       | |  1.7
Unarmed Combat | |  2.0
Spellcasting   | |  1.5
Translocations | |  2.1

Action                   || total
-------------------------++-------
Melee: Unarmed           ||    34
Throw: Tomahawk          ||     2
Armor: Robe              ||    37
Dodge: Dodged            ||    57
